[ PARTIDA AOE2 · #495938846 ]
UnrankedChinos vs Khitans
Equipo del jugador · DERR
Equipo rival · VICT
[ ANÁLISIS DE REPETICIÓN · EXTRAÍDO DE LA PARTIDA GRABADA ]
Feudal
10:05
Castillos
15:48
Imperial
37:32
| APM promedio | 27.1 |
| APM pico | 51 |
| eAPM promedio | 17.5 |
| Aldeanos / militares | 143 / 112 |
Foco
⚔️ 31.2% · 🌾 68.8%
Skirmisher ×58 · Fire Lancer ×44 · Chu Ko Nu ×4 · Monk ×2 · Iron Pagoda ×2 · Battering Ram ×1
Feudal
11:53
Castillos
15:49
Imperial
32:31
| APM promedio | 38.3 |
| APM pico | 77 |
| eAPM promedio | 22.0 |
| Aldeanos / militares | 126 / 129 |
Foco
⚔️ 35.6% · 🌾 64.4%
Scout Cavalry ×62 · Cavalry Archer ×54 · Unknown (1920) ×14 · Scorpion ×4 · Monk ×3 · Trebuchet (Packed) ×3
Mapa de la partida
Recursos iniciales + cada clic de construcción. Líneas = muros · curvas = relieve. ◆ oro · ⬟ piedra · ● bayas · ✦ reliquia · ◌ hueco del cierre
Tu base· ✓ Cerrada en 15:48 · 0t muro · 2 puerta(s)
Base de spacetime· ✓ Cerrada en 15:49 · 0t muro · 2 puerta(s)
Terreno inicial suavizado · ◌ = hueco del cierre detectado · pasá el cursor para detalles
Inputs por minuto
— RealTHF - - spacetime
Build order — RealTHF
Primeras 150 de 385 acciones detectadas
| 0:02 | Investigar | Loom |
| 0:42 | Crear | Villager (Male) |
| 1:11 | Crear | Villager (Male) |
| 1:35 | Crear | Villager (Male) |
| 1:35 | Crear | Villager (Male) |
| 1:44 | Construir | Lumber Camp |
| 2:05 | Crear | Villager (Male) |
| 2:19 | Construir | House |
| 2:20 | Construir | House |
| 2:30 | Crear | Villager (Male) |
| 2:55 | Crear | Villager (Male) |
| 2:55 | Crear | Villager (Male) |
| 3:16 | Crear | Villager (Male) |
| 3:43 | Crear | Villager (Male) |
| 4:01 | Crear | Villager (Male) |
| 4:30 | Crear | Villager (Male) |
| 4:30 | Crear | Villager (Male) |
| 4:52 | Crear | Villager (Male) |
| 4:53 | Crear | Villager (Male) |
| 4:53 | Crear | Villager (Male) |
| 5:45 | Crear | Villager (Male) |
| 5:45 | Crear | Villager (Male) |
| 5:45 | Crear | Villager (Male) |
| 6:16 | Crear | Villager (Male) |
| 6:16 | Crear | Villager (Male) |
| 6:27 | Construir | Mill |
| 7:16 | Construir | Mining Camp |
| 7:54 | Investigar | Feudal Age |
| 8:23 | Construir | Farm |
| 8:25 | Construir | Farm |
| 9:10 | Crear | Villager (Male) |
| 9:11 | Crear | Villager (Male) |
| 9:46 | Construir | Farm |
| 9:47 | Construir | Farm |
| 10:05 | Edad | Edad Feudal |
| 10:15 | Construir | Market |
| 10:22 | Construir | House |
| 10:29 | Investigar | Wheelbarrow |
| 10:58 | Construir | Blacksmith |
| 11:21 | Construir | Farm |
| 11:41 | Crear | Villager (Male) |
| 11:45 | Construir | Farm |
| 11:49 | Construir | House |
| 12:09 | Crear | Villager (Male) |
| 12:12 | Construir | House |
| 12:34 | Crear | Villager (Male) |
| 13:08 | Investigar | Castle Age |
| 13:13 | Construir | Farm |
| 13:15 | Construir | House |
| 13:16 | Construir | House |
| 13:35 | Investigar | Double-Bit Axe |
| 13:36 | Investigar | Horse Collar |
| 14:25 | Construir | Barracks |
| 15:27 | Crear | Villager (Male) |
| 15:27 | Crear | Villager (Male) |
| 15:36 | Construir | Farm |
| 15:37 | Construir | Farm |
| 15:37 | Construir | Farm |
| 15:37 | Construir | Farm |
| 15:48 | Edad | Edad de los Castillos |
| 15:52 | Construir | Town Center |
| 16:21 | Crear | Villager (Male) |
| 16:44 | Construir | Farm |
| 16:45 | Investigar | Bow Saw |
| 16:53 | Crear | Villager (Male) |
| 17:07 | Construir | Farm |
| 17:13 | Construir | Farm |
| 17:17 | Construir | Farm |
| 17:21 | Construir | Farm |
| 17:26 | Construir | Farm |
| 17:29 | Construir | Farm |
| 17:31 | Crear | Villager (Male) |
| 17:31 | Crear | Villager (Male) |
| 17:31 | Crear | Villager (Male) |
| 17:31 | Crear | Villager (Male) |
| 17:41 | Construir | Farm |
| 17:53 | Crear | Fire Lancer |
| 17:59 | Investigar | Forging |
| 18:05 | Crear | Villager (Male) |
| 18:05 | Crear | Villager (Male) |
| 18:26 | Crear | Fire Lancer |
| 18:28 | Crear | Villager (Male) |
| 18:29 | Crear | Villager (Male) |
| 18:33 | Construir | Farm |
| 18:37 | Construir | Farm |
| 18:48 | Crear | Villager (Male) |
| 18:48 | Crear | Villager (Male) |
| 18:51 | Crear | Fire Lancer |
| 19:11 | Crear | Fire Lancer |
| 19:17 | Crear | Villager (Male) |
| 19:17 | Crear | Villager (Male) |
| 19:28 | Construir | Monastery |
| 19:33 | Crear | Villager (Male) |
| 19:40 | Construir | Farm |
| 19:49 | Crear | Villager (Male) |
| 19:54 | Crear | Fire Lancer |
| 20:04 | Investigar | Devotion |
| 20:07 | Crear | Villager (Male) |
| 20:08 | Crear | Villager (Male) |
| 20:12 | Construir | Farm |
| 20:20 | Investigar | Squires |
| 20:22 | Investigar | Iron Casting |
| 20:35 | Crear | Villager (Male) |
| 20:35 | Crear | Villager (Male) |
| 20:54 | Investigar | Gold Mining |
| 20:57 | Crear | Villager (Male) |
| 20:57 | Crear | Villager (Male) |
| 20:59 | Crear | Fire Lancer |
| 21:09 | Crear | Monk |
| 21:18 | Construir | Farm |
| 21:24 | Construir | Farm |
| 21:26 | Crear | Villager (Male) |
| 21:53 | Crear | Villager (Male) |
| 21:53 | Crear | Villager (Male) |
| 22:08 | Crear | Villager (Male) |
| 22:08 | Crear | Villager (Male) |
| 22:19 | Construir | Mining Camp |
| 22:22 | Construir | Farm |
| 22:27 | Investigar | Stone Mining |
| 22:29 | Crear | Villager (Male) |
| 22:42 | Construir | Archery Range |
| 22:49 | Crear | Villager (Male) |
| 22:49 | Crear | Villager (Male) |
| 22:59 | Investigar | Fletching |
| 23:03 | Investigar | Scale Mail Armor |
| 23:05 | Crear | Villager (Male) |
| 23:09 | Construir | House |
| 23:09 | Construir | House |
| 23:10 | Construir | House |
| 23:13 | Investigar | Hand Cart |
| 23:14 | Investigar | Town Watch |
| 23:22 | Crear | Fire Lancer |
| 23:28 | Crear | Villager (Male) |
| 23:46 | Construir | Siege Workshop |
| 23:55 | Construir | University |
| 23:56 | Construir | House |
| 23:57 | Construir | House |
| 23:58 | Construir | House |
| 24:06 | Crear | Villager (Male) |
| 24:06 | Crear | Villager (Male) |
| 24:06 | Crear | Villager (Male) |
| 24:10 | Construir | Town Center |
| 24:23 | Crear | Villager (Male) |
| 24:23 | Crear | Villager (Male) |
| 24:30 | Investigar | Elite Skirmisher (upgrade) |
| 24:35 | Construir | House |
| 24:35 | Construir | House |
| 24:46 | Crear | Villager (Male) |
| 24:49 | Investigar | Heavy Plow |
| 25:00 | Construir | Lumber Camp |
Build order — spacetime
Primeras 150 de 326 acciones detectadas
| 0:00 | Crear | Villager (Male) |
| 0:01 | Crear | Villager (Male) |
| 0:02 | Construir | House |
| 0:02 | Crear | Villager (Male) |
| 0:03 | Construir | House |
| 0:03 | Crear | Villager (Male) |
| 1:23 | Crear | Villager (Male) |
| 1:23 | Crear | Villager (Male) |
| 2:04 | Crear | Villager (Male) |
| 2:05 | Crear | Villager (Male) |
| 2:07 | Construir | Mining Camp |
| 2:12 | Construir | Lumber Camp |
| 2:14 | Crear | Villager (Male) |
| 2:54 | Crear | Villager (Male) |
| 2:54 | Crear | Villager (Male) |
| 3:25 | Construir | House |
| 3:26 | Construir | House |
| 3:27 | Crear | Villager (Male) |
| 3:28 | Crear | Villager (Male) |
| 3:33 | Construir | House |
| 3:44 | Crear | Villager (Male) |
| 3:44 | Crear | Villager (Male) |
| 4:12 | Crear | Villager (Male) |
| 4:12 | Crear | Villager (Male) |
| 4:39 | Crear | Villager (Male) |
| 4:39 | Crear | Villager (Male) |
| 4:39 | Crear | Villager (Male) |
| 5:02 | Construir | Mill |
| 5:07 | Crear | Villager (Male) |
| 5:07 | Crear | Villager (Male) |
| 5:08 | Crear | Villager (Male) |
| 5:22 | Crear | Villager (Male) |
| 5:23 | Crear | Villager (Male) |
| 5:57 | Crear | Villager (Male) |
| 5:57 | Crear | Villager (Male) |
| 5:57 | Crear | Villager (Male) |
| 5:57 | Crear | Villager (Male) |
| 6:18 | Crear | Villager (Male) |
| 6:20 | Crear | Villager (Male) |
| 6:47 | Crear | Villager (Male) |
| 7:17 | Construir | Lumber Camp |
| 7:35 | Crear | Villager (Male) |
| 7:59 | Crear | Villager (Male) |
| 8:23 | Construir | Pasture |
| 8:26 | Crear | Villager (Male) |
| 8:38 | Crear | Villager (Male) |
| 8:59 | Construir | Mining Camp |
| 9:18 | Investigar | Feudal Age |
| 9:43 | Construir | Barracks |
| 9:50 | Crear | Villager (Male) |
| 9:50 | Crear | Villager (Male) |
| 10:18 | Construir | Pasture |
| 11:36 | Construir | Pasture |
| 11:53 | Edad | Edad Feudal |
| 11:57 | Construir | Stable |
| 12:21 | Construir | Blacksmith |
| 12:44 | Crear | Villager (Male) |
| 12:52 | Construir | House |
| 13:01 | Investigar | Castle Age |
| 13:04 | Crear | Scout Cavalry |
| 13:04 | Crear | Scout Cavalry |
| 13:07 | Crear | Spearman |
| 13:13 | Construir | House |
| 13:18 | Construir | House |
| 13:23 | Construir | House |
| 13:30 | Crear | Scout Cavalry |
| 13:41 | Construir | Pasture |
| 13:50 | Crear | Scout Cavalry |
| 14:26 | Investigar | Double-Bit Axe |
| 14:28 | Investigar | Tech 1014 |
| 14:44 | Crear | Villager (Male) |
| 14:59 | Crear | Scout Cavalry |
| 15:07 | Construir | Pasture |
| 15:09 | Construir | Pasture |
| 15:28 | Crear | Scout Cavalry |
| 15:35 | Construir | Pasture |
| 15:49 | Edad | Edad de los Castillos |
| 15:52 | Investigar | Light Cavalry (upgrade) |
| 15:59 | Construir | Monastery |
| 16:14 | Crear | Villager (Male) |
| 16:32 | Crear | Villager (Male) |
| 16:47 | Construir | Archery Range |
| 16:51 | Crear | Villager (Male) |
| 16:53 | Crear | Monk |
| 16:59 | Crear | Villager (Male) |
| 17:11 | Investigar | Loom |
| 17:13 | Investigar | Bow Saw |
| 17:34 | Crear | Villager (Male) |
| 17:41 | Investigar | Gold Mining |
| 17:54 | Crear | Villager (Male) |
| 17:59 | Construir | Market |
| 18:29 | Construir | House |
| 18:30 | Construir | House |
| 18:50 | Crear | Villager (Male) |
| 18:55 | Crear | Monk |
| 19:00 | Crear | Villager (Male) |
| 19:02 | Construir | House |
| 19:11 | Investigar | Fletching |
| 19:15 | Crear | Cavalry Archer |
| 19:16 | Crear | Villager (Male) |
| 19:31 | Construir | House |
| 19:35 | Crear | Cavalry Archer |
| 19:36 | Crear | Villager (Male) |
| 19:38 | Construir | Archery Range |
| 19:44 | Construir | Siege Workshop |
| 19:49 | Investigar | Town Watch |
| 19:53 | Crear | Villager (Male) |
| 20:01 | Crear | Cavalry Archer |
| 20:07 | Investigar | Bodkin Arrow |
| 20:26 | Crear | Villager (Male) |
| 20:29 | Crear | Cavalry Archer |
| 20:29 | Crear | Villager (Male) |
| 20:49 | Crear | Cavalry Archer |
| 20:49 | Crear | Cavalry Archer |
| 20:51 | Crear | Villager (Male) |
| 21:14 | Construir | Town Center |
| 21:16 | Crear | Villager (Male) |
| 21:18 | Crear | Cavalry Archer |
| 21:18 | Crear | Cavalry Archer |
| 21:38 | Crear | Villager (Male) |
| 21:50 | Crear | Cavalry Archer ×3 |
| 21:51 | Crear | Villager (Male) |
| 22:07 | Crear | Cavalry Archer |
| 22:07 | Crear | Villager (Male) |
| 22:19 | Crear | Cavalry Archer ×2 |
| 22:19 | Crear | Villager (Male) |
| 22:32 | Crear | Villager (Male) |
| 22:36 | Construir | Pasture |
| 22:41 | Crear | Villager (Male) |
| 22:43 | Construir | Pasture |
| 22:45 | Crear | Villager (Male) |
| 22:49 | Construir | House |
| 22:57 | Crear | Scorpion |
| 22:59 | Construir | House |
| 23:07 | Crear | Cavalry Archer |
| 23:07 | Crear | Cavalry Archer |
| 23:07 | Crear | Villager (Male) |
| 23:23 | Crear | Villager (Male) |
| 23:29 | Construir | House |
| 23:32 | Crear | Battering Ram |
| 23:36 | Crear | Villager (Male) |
| 23:51 | Construir | University |
| 23:56 | Crear | Villager (Male) |
| 24:05 | Crear | Scorpion |
| 24:05 | Crear | Villager (Male) |
| 24:07 | Construir | House |
| 24:13 | Construir | Pasture |
| 24:17 | Construir | Pasture |
| 24:26 | Crear | Villager (Male) |
| 24:41 | Construir | House |
Cronología de la partida
| 9:43 | spacetime · first_building Barracks |
| 10:05 | RealTHF · age_up feudal |
| 11:53 | spacetime · age_up feudal |
| 11:57 | spacetime · first_building Stable |
| 13:05 | RealTHF · first_market_buy 100 food |
| 13:06 | RealTHF · first_market_sell 100 wood |
| 14:25 | RealTHF · first_building Barracks |
| 15:48 | RealTHF · age_up castle |
| 15:49 | spacetime · age_up castle |
| 15:59 | spacetime · first_building Monastery |
| 16:47 | spacetime · first_building Archery Range |
| 19:14 | spacetime · first_market_sell 100 wood |
| 19:28 | RealTHF · first_building Monastery |
| 19:44 | spacetime · first_building Siege Workshop |
| 22:42 | RealTHF · first_building Archery Range |
| 23:46 | RealTHF · first_building Siege Workshop |
| 23:49 | spacetime · first_market_buy 100 wood |
| 26:34 | RealTHF · wall_segment Stone Wall x3 |
| 27:29 | RealTHF · first_building Castle |
| 31:54 | spacetime · first_building Castle |
| 32:31 | spacetime · age_up imperial |
| 37:32 | RealTHF · age_up imperial |
| 41:19 | RealTHF · resign |
[ ANÁLISIS IA · 1 CRÉDITO ]
¿Qué pasó realmente en esta partida?
Wolo.gg analiza cada decisión: build order, eco, micro, errores típicos por bracket. Análisis personalizado por WhatsApp o Discord en 30 segundos.
Guía civ
Chinos
Perfil
Jugador #1214206